 Dungeon Crawl Stone Soup version 0.16.2-12-gd0ad4c3 (webtiles) character file.

13643 magipi the Severer (level 12, -3/97 HPs)
             Began as a Ghoul Gladiator on Oct 25, 2015.
             Was the Champion of Makhleb.
             Slain by a sun demon (16 damage)
             ... summoned by a kobold demonologist
             ... on level 12 of the Dungeon.
             The game lasted 01:01:31 (8537 turns).

magipi the Severer (Ghoul Gladiator)                Turns: 8537, Time: 01:01:31

Health: -3/97      AC: 37    Str: 20    XL:     12   Next: 8%
Magic:  9/9        EV: 10    Int:  4    God:    Makhleb [******]
Gold:   564        SH:  0    Dex: 12    Spells: 0 memorised, 11 levels left

rFire  . . .     SeeInvis .     a - +3 battleaxe
rCold  + . .     Clarity  .     s - +27 Lear's hauberk
rNeg   + + +     SustAb   .     (no shield)
rPois  ∞         Gourm    .     (no helmet)
rElec  .         Spirit   .     (no cloak)
rCorr  .         Warding  .     (no gloves)
rMut   .         Stasis   .     (no boots)
MR     .....                    w - amulet of faith (curse)
Stlth  ..........               x - +1 ring of protection
                                R - +2 ring of evasion (curse)

@: rotting, not resistant to hostile enchantments, extremely unstealthy
A: rotting body, claws 1, carnivore 3, cold resistance 1, negative energy
resistance 3, poison resistance, slow healing 1, torment resistance, unbreathing
a: Minor Destruction, Lesser Servant of Makhleb, Major Destruction, Greater
Servant of Makhleb, Renounce Religion


You were on level 12 of the Dungeon.
You worshipped Makhleb.
Makhleb was exalted by your worship.
You were not hungry.

You visited 1 branch of the dungeon, and saw 12 of its levels.

You collected 603 gold pieces.
You spent 39 gold pieces at shops.

Inventory:

Hand weapons
 a - a +3 battleaxe (weapon)
 b - a +1 blowgun
Missiles
 d - 4 throwing nets (quivered)
 k - 14 tomahawks
 m - 2 curare-tipped needles
 A - 39 poisoned needles
Armour
 s - the +27 Lear's hauberk (worn)
   (You found it on level 2 of the Dungeon)
 W - a +2 helmet
 X - the cursed -2 leather armour of Intoadul {rCorr Int+3 Slay+3, unknown}
   (You found it on level 11 of the Dungeon)

   It affects your intelligence (+3).
   It affects your accuracy and damage with ranged weapons and melee attacks
   (+3).
   It protects you from acid and corrosion.
   It has a curse placed upon it.
Jewellery
 w - a cursed amulet of faith (around neck)
 x - a +1 ring of protection (right claw)
 M - a cursed amulet of inaccuracy {unknown}
 R - a cursed +2 ring of evasion (left claw)
 V - an uncursed ring of flight
Magical devices
 r - a wand of slowing (48)
 y - a wand of random effects (16)
 I - a wand of disintegration (12)
 K - a wand of random effects (15)
 L - a wand of magic darts (11)
 P - a wand of paralysis (2)
 Q - a wand of draining (7)
 S - a wand of draining (6)
 Z - a wand of paralysis (14)
Scrolls
 j - 3 scrolls of amnesia
 n - a scroll of enchant armour
 o - a scroll of recharging
 q - 5 scrolls of remove curse
 v - 4 scrolls of fear
 B - 3 scrolls of teleportation
 H - 3 scrolls of enchant weapon
Potions
 e - a potion of flight
 l - 2 potions of restore abilities
 p - a potion of magic
 t - 4 potions of curing
 z - 3 potions of agility
 C - 2 potions of cancellation
 D - 2 potions of brilliance
 E - a potion of resistance
 G - a potion of might
 N - a potion of haste {unknown}
 O - a potion of heal wounds {unknown}
 T - 2 potions of cure mutation {unknown}
Books
 u - a book of Conjurations

   Spells                             Type                      Level
   a - Magic Dart                     Conjuration                  1
   b - Searing Ray                    Conjuration                  2
   c - Dazzling Spray                 Conjuration/Hexes            3
   d - Fulminant Prism                Conjuration/Hexes            4
   e - Iskenderun's Mystic Blast      Conjuration                  4
   f - Iskenderun's Battlesphere      Conjuration/Charms           5
 F - the Tome of Air
   (You found it on level 5 of the Dungeon)

   Spells                             Type                      Level
   a - Summon Lightning Spire         Summoning/Air                4
   b - Deflect Missiles               Charms/Air                   6
   c - Tornado                        Air                          9
 J - a book of Control

   Spells                             Type                      Level
   a - Control Teleport               Charms/Translocation         4
   b - Control Undead                 Necromancy                   4
   c - Enslavement                    Hexes                        4
   d - Metabolic Englaciation         Hexes/Ice                    5
   e - Mass Confusion                 Hexes                        6
 U - a book of Summonings

   Spells                             Type                      Level
   a - Abjuration                     Summoning                    3
   b - Recall                         Summoning/Translocation      3
   c - Shadow Creatures               Summoning                    5
   d - Summon Demon                   Summoning                    5
   e - Summon Forest                  Summoning/Translocation      5
   f - Monstrous Menagerie            Summoning                    6
Comestibles
 c - 6 meat rations
 f - 2 chunks of flesh
 g - 3 royal jellies
 h - 2 beef jerkies
 i - 8 slices of pizza


   Skills:
 + Level 6.9 Fighting
 - Level 15.2 Axes
 - Level 2.0 Throwing
 + Level 5.2 Armour
 - Level 2.6 Dodging


You had 11 spell levels left.
You didn't know any spells.

Dungeon Overview and Level Annotations

Branches:
Dungeon (12/15)              Lair (0/8) D:11            Orc (0/4) D:9
 Temple: D:4-7

Altars:
Ashenzari
Fedhas
Makhleb
Nemelex Xobeh
Okawaru
Xom
Zin
The Shining One

Shops:
D:6 }[   D:9 =   D:10 [

Annotations:
D:4 Kharon's ghost, weakling DEWz
D:5 1 runed door
D:10 Erolcha


Innate Abilities, Weirdness & Mutations

Your body is rotting away.
You thrive on raw meat.
You have sharp fingernails.
You are carnivorous and can eat meat at any time.
Your flesh is cold resistant.
You are immune to negative energy.
Your system is resistant to poisons.
You heal slowly when monsters are visible.
You are immune to unholy pain and torment.
You can survive without breathing.

Vault maps used:
D:1:      dpeg_arrival_another_circle, minmay_misc_feat_secret_circle,
          st_stairs_2, minmay_misc_feat_roman, minivault_11,
          hangedman_decor_diamond_cutter, kennysheep_nondescript,
          minmay_lizard_king
D:2:      minmay_misc_feat_room, grunt_nemelex_the_gamble,
          uniq_crazy_yiuf_cottage, uniq_terence, uniq_robin
D:3:      first_bread, bloody_makhleb
D:4:      fedhas_bush_and_centaur_altar, temple_statues, uniq_purgy,
          uniq_blork_the_orc
D:5:      lemuel_angel_altar
D:6:      amethyst_overflow_temple_binary, serial_shops,
          nicolae_shop_window_shopping, nicolae_shop_crystal, shop,
          uniq_menkaure
D:7:      forest_paths, lemuel_doored_altar, kennysheep_little_box, uniq_edmund,
          uniq_prince_ribbit1
D:8:      old_forge, gammafunk_temple_overflow_statue, hangedman_ranch,
          uniq_duvessa
D:9:      serial_shops, shop
D:10:     serial_glass, glass_columns_a, glass_columns_c, glass_columns_a,
          glass_columns_b, glass_columns_b, glass_columns_a, glass_columns_b,
          glass_columns_a, serial_shops, kennysheep_mini_moat, glass_columns_b,
          uniq_joseph, uniq_erolcha, uniq_sonja
D:11:     dpeg_lair_monsters, columned_hall_lemuel, uniq_psyche


Message History

Things that are here:
a dagger; a chain mail
Items here: )) [ † a dire flail; a chain mail; a club; an orc corpse You start waiting.
The kobold demonologist mumbles some strange words.
Items here: )) [ † a dire flail; a chain mail; a club; an orc corpse The kobold demonologist hits you but does no damage.
Things that are here:
a dagger; a chain mail You closely miss the kobold demonologist.
You hit the crimson imp.
The crimson imp is moderately wounded.
You closely miss the kobold demonologist.
The crimson imp hits you but does no damage.
The kobold demonologist mumbles some strange words.
You hit the crimson imp.
The crimson imp is moderately wounded.
You hit the kobold demonologist.
The kobold demonologist is lightly wounded.
You miss the kobold demonologist.
The kobold demonologist is lightly wounded.
You hit the crimson imp but do no damage.
The crimson imp is moderately wounded.
You hit the sun demon.
The sun demon is lightly wounded.
The kobold demonologist casts a spell.
The crimson imp misses you.
The sun demon hits you but does no damage.
You hit the kobold demonologist.
The kobold demonologist is moderately wounded.
You hit the sun demon but do no damage.
The sun demon is lightly wounded.
Your Lear's hauberk prevents you from hitting the ynoxinul.
You miss the crimson imp.
The crimson imp is moderately wounded.
The crimson imp misses you.
The kobold demonologist hits you but does no damage.
The sun demon hits you but does no damage.
You hit the kobold demonologist.
The kobold demonologist is moderately wounded.
You barely miss the sun demon. You hit the ynoxinul but do no damage.
You slash the crimson imp!
You kill the crimson imp!
The ynoxinul gestures.
The kobold demonologist barely misses you.
The sun demon barely misses you.
You closely miss the kobold demonologist.
The kobold demonologist is moderately wounded.
You hit the iron imp but do no damage. You barely miss the ufetubus.
You slash the ynoxinul!
The ynoxinul is heavily wounded.
You closely miss the sun demon.
The ynoxinul gestures.
The sun demon hits you.
You are engulfed in flames!
The kobold demonologist casts a spell.
The ufetubus barely misses you.
The ufetubus hits you but does no damage.
The iron imp misses you.
You closely miss the kobold demonologist.
The kobold demonologist is moderately wounded.
You barely miss the sun demon. You closely miss the ynoxinul.
The ynoxinul is heavily wounded.
You closely miss the ufetubus. You slash the iron imp!
The iron imp is almost dead.
The sun demon hits you.
You are engulfed in flames!
The ufetubus closely misses you.
The ufetubus hits you but does no damage.
The ynoxinul gestures.
The kobold demonologist barely misses you.
You slash the kobold demonologist!
The kobold demonologist is severely wounded.
You hit the sun demon but do no damage. You slash the ynoxinul!
The ynoxinul is almost dead.
You slash the ufetubus!
You kill the ufetubus!
You barely miss the iron imp.
The iron imp is almost dead.
The sun demon hits you!
You are engulfed in flames!
The ynoxinul gestures.
The kobold demonologist hits you but does no damage.
The iron imp hits you but does no damage.
The sun demon hits you.
You are engulfed in flames!
You slash the kobold demonologist!
The kobold demonologist is almost dead.
You closely miss the iron imp.
The iron imp is almost dead.
You barely miss the shadow imp. You hit the ynoxinul.
The ynoxinul is almost dead.
You closely miss the sun demon.
The iron imp disappears in a puff of smoke!
The ufetubus disappears in a puff of smoke!
The ynoxinul gestures at you. The iron shot hits you!
The kobold demonologist hits you but does no damage.
The sun demon hits you!
* * * LOW HITPOINT WARNING * * *
You are engulfed in flames!
You die...

..#####......#
#..#
........[....#
##.##
#............#
#..#
##########...##
#..# # #....###
##..# #
##...55####...#
#
#..55555##..^##
#
###5533..##...##
#
###@K5.####..###
# ##5.## ##...##
# #..# ##...####
#..# ##......
#[.# ##.....
#..# #..... #..#
###### #..# #..#


You could see a sun demon, a kobold demonologist, a ynoxinul, a quasit, a shadow
imp and 9 ufetubi.

Table legend:
 A = Kills in this place as a percentage of kills in entire the game.
 B = Kills by you in this place as a percentage of kills by you in the entire game.
 C = Kills by friends in this place as a percentage of kills by friends in the entire game.
 D = Other kills in this place as a percentage of other kills in the entire game.
 E = Experience gained in this place as a percentage of experience gained in the entire game.
 F = Experience gained in this place divided by the number of levels of this place that you have seen.
                   A       B       C       D       E      F
               +-------+-------+-------+-------+-------+----------------------
         Total | 100.0 | 100.0 |  -nan | 100.0 | 100.0 | 1624.2
       Dungeon | 100.0 | 100.0 |  -nan | 100.0 | 100.0 | 1624.2
               +-------+-------+-------+-------+-------+----------------------

Vanquished Creatures
  The ghost of Theosophistos the Shield-Bearer, an experienced DDFi (D:6)
  2 ugly things (D:11)
  3 hill giants
  Joseph (D:10)
  2 centaur zombies
  A gargoyle (D:12)
  Psyche (D:11)
  A spiny frog (D:11)
  A troll (D:10)
  Sonja (D:10)
  Prince Ribbit (D:7)
  A two-headed ogre (D:9)
  A blink frog (D:11)
  A wraith (D:9)
  2 yaks (D:8)
  A deep elf mage (D:10)
  A hungry ghost (D:7)
  4 hippogriffs
  Edmund (D:7)
  Menkaure (D:6)
  Purgy (D:4)
  A necrophage (D:9)
  4 ogres
  A wasp (D:7)
  2 black bears
  4 orc warriors
  4 sky beasts
  5 ice beasts
  A crocodile (D:10)
  4 phantoms
  Duvessa (D:8)
  9 centaurs
  5 big kobolds
  Blork the orc (D:4)
  A wyvern zombie (D:8)
  7 giant frogs
  A gnoll sergeant (D:10)
  13 scorpions
  7 wights
  Dowan (D:8)
  2 crimson imps
  A giant frog zombie (D:12)
  5 iguanas
  A jelly (D:5)
  A quasit (D:11)
  3 giant frog skeletons
  4 hounds
  6 orc priests
  3 centaur skeletons
  9 worker ants
  12 orc wizards
  2 sheep (D:8)
  Terence (D:2)
  A mummy (D:11)
  2 worker ant zombies
  Robin (D:2)
  A hound skeleton (D:8)
  9 gnolls
  18 adders
  A shadow imp (D:7)
  2 giant mites
  3 worms
  An ufetubus (D:12)
  3 adder skeletons
  8 giant geckos
  41 orcs
  27 bats
  2 bat skeletons
  26 goblins
  18 hobgoblins
  6 jackals
  27 kobolds
  8 quokkas
  2 ball pythons
  6 giant cockroaches
  A giant gecko zombie (D:8)
  11 giant newts
  2 giant spores
  12 rats
  8 ballistomycetes
398 creatures vanquished.

Vanquished Creatures (others)
  A shadow imp (D:6)
  2 giant spores
  3 fungi (D:8)
  2 plants (D:8)
8 creatures vanquished.

Grand Total: 406 creatures vanquished

Notes
Turn   | Place    | Note
--------------------------------------------------------------
     0 | D:1      | magipi, the Ghoul Gladiator, began the quest for the Orb.
     0 | D:1      | Reached XP level 1. HP: 17/17 MP: 1/1
   151 | D:1      | Reached skill level 3 in Axes
   153 | D:1      | Reached XP level 2. HP: 22/24 MP: 2/2
   357 | D:1      | Reached XP level 3. HP: 22/29 MP: 3/3
   620 | D:2      | Reached skill level 4 in Axes
   798 | D:2      | Found a sparkling altar of Nemelex Xobeh.
   799 | D:2      | Noticed a hippogriff
   893 | D:2      | Noticed Robin
   903 | D:2      | Reached XP level 4. HP: 36/36 MP: 3/3
   920 | D:2      | Killed Robin
  1141 | D:3      | Reached skill level 5 in Axes
  1141 | D:3      | Reached XP level 5. HP: 30/40 MP: 4/4
  1186 | D:3      | Found a burning altar of Makhleb.
  1213 | D:3      | Became a worshipper of Makhleb the Destroyer
  1399 | D:2      | Noticed Terence
  1413 | D:2      | Killed Terence
  1756 | D:3      | Acquired Makhleb's first power
  2061 | D:4      | Noticed Kharon's ghost (weakling DEWz)
  2170 | D:4      | Reached XP level 6. HP: 31/46 MP: 5/5
  2233 | D:4      | Noticed Purgy
  2240 | D:4      | Noticed Blork the orc
  2249 | D:4      | Killed Purgy
  2249 | D:4      | Reached skill level 6 in Axes
  2258 | D:4      | Killed Blork the orc
  2258 | D:4      | Acquired Makhleb's second power
  2408 | D:4      | Noticed an ogre
  2414 | D:4      | Killed an ogre
  2414 | D:4      | Reached skill level 7 in Axes
  2414 | D:4      | Reached XP level 7. HP: 49/55 MP: 5/5
  2417 | D:4      | Noticed a centaur
  2427 | D:4      | Killed a centaur
  2466 | D:4      | Found a blossoming altar of Fedhas.
  2491 | D:4      | Noticed an ogre
  2498 | D:4      | Killed an ogre
  2739 | D:5      | Entered Level 5 of the Dungeon
  2836 | D:5      | Identified the Tome of Air
  2892 | D:5      | Reached skill level 8 in Axes
  3030 | D:5      | Acquired Makhleb's third power
  3117 | D:5      | Reached XP level 8. HP: 55/61 MP: 6/6
  3289 | D:5      | Found a glowing golden altar of the Shining One.
  3289 | D:5      | Noticed an angel
  3290 | D:5      | Found a runed door.
  3577 | D:6      | Noticed Menkaure
  3583 | D:6      | Killed Menkaure
  3583 | D:6      | Reached skill level 9 in Axes
  3645 | D:6      | Found Traewn's Gadget Boutique.
  3740 | D:6      | Acquired Makhleb's fourth power
  3878 | D:6      | Found Cuihud's Antique Armour Emporium.
  3939 | D:6      | Found a shimmering altar of Xom.
  3946 | D:6      | Found a shattered altar of Ashenzari.
  3998 | D:6      | Reached skill level 10 in Axes
  4081 | D:6      | Found Satreid's Antique Armour Boutique.
  4091 | D:6      | Noticed Theosophistos' ghost (experienced DDFi)
  4127 | D:6      | Killed Theosophistos' ghost
  4127 | D:6      | Reached skill level 11 in Axes
  4127 | D:6      | Reached XP level 9. HP: 46/66 MP: 7/7
  4481 | D:7      | Noticed Edmund
  4504 | D:7      | Killed Edmund
  4504 | D:7      | Acquired Makhleb's fifth power
  4626 | D:7      | Reached skill level 12 in Axes
  4823 | D:7      | Found an iron altar of Okawaru.
  4888 | D:7      | Found a burning altar of Makhleb.
  4925 | D:7      | Noticed Prince Ribbit
  4950 | D:7      | Killed Prince Ribbit
  4950 | D:7      | Reached XP level 10. HP: 67/73 MP: 7/7
  5465 | D:8      | Reached skill level 13 in Axes
  5506 | D:8      | Noticed a three-headed hydra
  5829 | D:8      | Noticed a hill giant
  5870 | D:8      | Killed a hill giant
  5973 | D:8      | Found a glowing silver altar of Zin.
  5974 | D:8      | Found a glowing golden altar of the Shining One.
  6270 | D:8      | Noticed Dowan
  6271 | D:8      | Noticed Duvessa
  6283 | D:8      | Killed Duvessa
  6283 | D:8      | Reached skill level 14 in Axes
  6285 | D:8      | Killed Dowan
  6559 | D:9      | Found a staircase to the Orcish Mines.
  6609 | D:9      | Reached XP level 11. HP: 79/79 MP: 8/8
  6646 | D:9      | Found Chuavuh's Jewellery Shop.
  6668 | D:9      | Bought a +1 ring of protection for 39 gold pieces
  6877 | D:10     | Entered Level 10 of the Dungeon
  6877 | D:10     | Noticed a hill giant
  6885 | D:10     | Killed a hill giant
  6991 | D:10     | Noticed Joseph
  7002 | D:10     | Reached skill level 15 in Axes
  7009 | D:10     | Noticed a hill giant
  7010 | D:10     | Killed Joseph
  7020 | D:10     | Killed a hill giant
  7063 | D:10     | Noticed Erolcha
  7066 | D:10     | Paralysed by Erolcha for 3 turns
  7077 | D:10     | Noticed Sonja
  7128 | D:11     | Reached skill level 1 in Armour
  7258 | D:10     | Killed Sonja
  7388 | D:10     | Found Laepeih's Antique Armour Boutique.
  7753 | D:11     | Reached skill level 5 in Fighting
  7791 | D:11     | Got a dazzling leather armour
  7958 | D:11     | Noticed Psyche
  8095 | D:11     | Found a staircase to the Lair.
  8182 | D:11     | Paralysed by Psyche for 6 turns
  8192 | D:11     | Paralysed by Psyche for 4 turns
  8205 | D:11     | Killed Psyche
  8205 | D:11     | Reached XP level 12. HP: 85/97 MP: 9/9
  8322 | D:11     | Reached skill level 5 in Armour
  8537 | D:12     | Slain by a sun demon

Action                   |  1- 3 |  4- 6 |  7- 9 | 10-12 || total
-------------------------+-------+-------+-------+-------++-------
Melee: War axe           |   112 |   240 |   478 |   224 ||  1054
       Battleaxe         |       |       |       |   433 ||   433
 Fire: Blowgun           |       |     4 |    27 |    22 ||    53
Evoke: Wand              |       |       |       |     3 ||     3
  Use: Scroll            |     5 |     9 |     3 |    11 ||    28
 Stab: Held in net/web   |       |       |       |     1 ||     1
       Paralysed         |       |       |       |     1 ||     1
  Eat: Chunk             |    11 |     7 |    24 |    29 ||    71

Action                   |  1- 3 |  4- 6 |  7- 9 | 10-12 || total
-------------------------+-------+-------+-------+-------++-------
Melee: War axe           |   112 |   240 |   478 |   224 ||  1054
       Battleaxe         |       |       |       |   433 ||   433
 Fire: Blowgun           |       |     4 |    27 |    22 ||    53
Evoke: Wand              |       |       |       |     3 ||     3
  Use: Scroll            |     5 |     9 |     3 |    11 ||    28
 Stab: Held in net/web   |       |       |       |     1 ||     1
       Paralysed         |       |       |       |     1 ||     1
  Eat: Chunk             |    11 |     7 |    24 |    29 ||    71

Action                   |  1- 3 |  4- 6 |  7- 9 | 10-12 || total
-------------------------+-------+-------+-------+-------++-------
Melee: War axe           |   112 |   240 |   478 |   224 ||  1054
       Battleaxe         |       |       |       |   433 ||   433
 Fire: Blowgun           |       |     4 |    27 |    22 ||    53
Evoke: Wand              |       |       |       |     3 ||     3
  Use: Scroll            |     5 |     9 |     3 |    11 ||    28
 Stab: Held in net/web   |       |       |       |     1 ||     1
       Paralysed         |       |       |       |     1 ||     1
  Eat: Chunk             |    11 |     7 |    24 |    29 ||    71
